AoeStats
← Mashu

Four Lakes

509351232Analyzed
1v1 RM · 4d ago on Sep 26, 2026· 67m 46s· 2 players
Game mode
Random Map
Map size
Tiny (2 player)
Population
200
Speed
Normal
Resources
Standard
Victory
Conquest
Starting age
Dark Age
Ending age
Imperial Age
RankedLock teamsTeams togetherTeam positionsShared explorationLock speedFull tech treeHidden civsTurbo modeCheats
Victory
Defeat
🇨🇳 Mongols · China
681
+17
🇺🇸 Portuguese · United States
706
-17
1451129173
11:03 Feudal Age
12:39 Wheelbarrow
11:52 Double-Bit Axe
19:30 Castle Age
18:04 Stone Mining
18:05 Gold Mining
18:01 Horse Collar
21:11 Bow Saw
22:49 Hand Cart
22:38 Heavy Plow
23:19 Stone Shaft Mining
23:19 Gold Shaft Mining
26:47 Gold Shaft Mining
27:46 Heavy Plow
32:58 Imperial Age
30:56 Fletching
31:07 Padded Archer Armor
32:16 Ballistics
33:14 Bodkin Arrow
33:35 Leather Archer Armor
35:26 Chemistry
34:30 Bracer
34:37 Elite Mangudai
34:44 Elite Mangudai
55:30 Forging
55:26 Scale Barding Armor
55:25 Light Cavalry
57:19 Iron Casting
57:11 Hussar
66:52 Blast Furnace
66:13 Chain Barding Armor
Mashu
3:05 Loom
10:03 Feudal Age
11:36 Double-Bit Axe
11:32 Horse Collar
15:21 Wheelbarrow
16:45 Town Watch
19:13 Castle Age
16:58 Fishing Lines
18:28 Gold Mining
18:57 Fletching
19:56 Padded Archer Armor
20:21 Town Patrol
20:23 Gillnets
21:16 Bodkin Arrow
20:46 Elite Skirmisher
21:21 Stone Mining
24:13 Stone Shaft Mining
24:12 Bow Saw
26:25 Hand Cart
26:15 Pikeman
30:14 Imperial Age
28:41 Thumb Ring
29:07 Fortified Wall
30:48 Leather Archer Armor
31:36 Ballistics
32:18 Chemistry
33:39 Heavy Plow
34:41 Two-Man Saw
34:58 Siege Engineers
34:19 Elite Organ Gun
37:05 Conscription
38:15 Ring Archer Armor
42:13 Light Cavalry
43:17 Forging
43:52 Bloodlines
43:59 Scale Barding Armor
44:39 Husbandry
45:55 Iron Casting
45:55 Scale Mail Armor
46:17 Chain Barding Armor
52:47 Bracer
58:10 Onager
60:51 Cavalier
64:32 Crop Rotation
Connection lost

Rejoining the realm…

Still unreachable

The connection could not be restored.

Session expired

The server has moved on; the page needs a fresh start.